 Dungeon Crawl Stone Soup version 0.18-a0-1542-g9c1a92e (webtiles) character file.

1540 namelastname112 the Martial Artist (level 8, -2/63 HPs)
             Began as a Black Draconian Monk on Mar 10, 2016.
             Was a Believer of Makhleb.
             Killed from afar by Blork the orc (7 damage)
             ... with a magic dart
             ... on level 6 of the Dungeon.
             The game lasted 00:06:39 (5430 turns).

namelastname112 the Martial Artist (DrMo)           Turns: 5430, Time: 00:06:39

Health: -2/63      AC:  9    Str: 14    XL:     8   Next: 56%
Magic:  8/8        EV:  8    Int: 10    God:    Makhleb [**....]
Gold:   338        SH:  0    Dex: 16    Spells: 0 memorised, 7 levels left

rFire  . . .     SeeInvis .       - Unarmed
rCold  . . .     Gourm    .     (armour unavailable)
rNeg   . . .     Faith    .     (no shield)
rPois  +         Spirit   .     (helmet restricted)
rElec  +         Dismiss  .     (no cloak)
rCorr  .         Reflect  .     (no gloves)
SustAt .         Harm     +     (no boots)
MR     .....                    j - amulet of harm
Stlth  ++........               e - ring of poison resistance
                                d - +3 ring of protection

@: short of breath, not resistant to hostile enchantments, unstealthy
A: breathe lightning, unfitting armour, electricity resistance, cold-blooded, AC
+6
a: Breathe Lightning, Minor Destruction, Renounce Religion


You were on level 6 of the Dungeon.
You worshipped Makhleb.
Makhleb was pleased with you.
You were not hungry.

You visited 1 branch of the dungeon, and saw 6 of its levels.

You collected 338 gold pieces.

Inventory:

Missiles
 w - a throwing net (quivered)
Armour
 C - a +2 shield of resistance
Jewellery
 d - a +3 ring of protection (left hand)
 e - a ring of poison resistance (right hand)
 j - an amulet of harm (around neck)
 r - an uncursed ring of flight
 t - an uncursed ring of protection from cold
Wands
 u - a wand of polymorph (10/24)
 y - a wand of paralysis (9/24)
Scrolls
 c - a scroll of magic mapping
 f - 3 scrolls of remove curse {unknown}
 h - 2 scrolls of fog {unknown}
 k - a scroll of enchant weapon {unknown}
 l - 2 scrolls of noise {unknown}
 p - 3 scrolls of identify {unknown}
 q - a scroll of random uselessness {unknown}
 v - a scroll of teleportation {unknown}
 B - a scroll of recharging {unknown}
Potions
 g - a potion of berserk rage {unknown}
 i - 2 potions of curing
 x - 2 potions of agility {unknown}
 z - 2 potions of might {unknown}
Books
 s - a book of Unlife

   Spells                             Type                      Level
   a - Recall                         Summoning/Translocation      3
   b - Animate Dead                   Necromancy                   4
   c - Control Undead                 Necromancy                   4
   d - Cigotuvi's Embrace             Necromancy                   5
   e - Death Channel                  Necromancy                   6
   f - Simulacrum                     Ice/Necromancy               6
Comestibles
 a - 3 bread rations
 b - 5 meat rations
 m - 4 fruits
 n - 2 slices of pizza
 o - 2 beef jerkies


   Skills:
 - Level 3.2 Fighting
 - Level 2.6 Dodging
 - Level 1.7 Stealth
 + Level 11.3 Unarmed Combat


You had 7 spell levels left.
You didn't know any spells.

Dungeon Overview and Level Annotations

Branches:
Dungeon (6/15)
 Temple: D:4-7

Altars:
Ashenzari
Dithmenos
Kikubaaqudgha
Makhleb
Okawaru
Pakellas
Ru
Zin

Shops:
D:6 ?

Annotations:
D:6 Blork the orc, Prince Ribbit


Innate Abilities, Weirdness & Mutations

You can breathe wild blasts of lightning.
Your glossy black scales are hard (AC +6).
Your body does not fit into most forms of armour.
You are resistant to electric shocks.
You are cold-blooded and may be slowed by cold attacks.


Message History

an enchanted dagger; 9 gold pieces; an orc corpse Read which item? (? for menu, Esc to quit)
As you read the scroll labeled HOCUPH QOAGILL, it crumbles to dust.
You feel aware of your surroundings.
It was a scroll of magic mapping.
You hear some strange, mumbled words.
A puff of flame appears from out of thin air!
The puff of flame hits you!
* * * LOW HITPOINT WARNING * * *
Prince Ribbit blinks!
Something hits you but does no damage.
You hear some strange, mumbled words.
A puff of flame appears from out of thin air!
The puff of flame hits you!
Found a robe.
Something hits you!
* * * LOW HITPOINT WARNING * * *
There is an escape hatch in the ceiling here.
A magic dart appears from out of thin air!
The magic dart hits you!
You die...

,,,,,,,*,* #...#####
,,,,,,**,* #.......#
,*******,* #.##.##.##
,* *,* ####.......# ,*
#.###>....###..# ,*
#..............#### **
#####F#.#.##......#
#.#.#.##...##.#
#)#.#@.....)#.#
#.#.##.###..#.#
***#..F{.......#.#
***#.....##.{....<#[#
*........#...#.##.#.#
*.##.#......##.##.#.#
*,*#.......#[......,**
*,,......?.*.#,...#,,*
**########.#.#,##(#*,*


There were no monsters in sight!

Vanquished Creatures
  The ghost of namelastname112 the Charlatan, an amateur DrAr (D:4)
  Sigmund (D:2)
  An ice beast (D:5)
  A sky beast (D:5)
  A phantom (D:4)
  A centaur (D:5)
  A giant frog (D:6)
  2 howler monkeys
  A crimson imp (D:6)
  5 hounds
  A giant frog zombie (D:6)
  A jelly (D:5)
  An orc wizard (D:6)
  2 centaur skeletons
  2 orc priests
  4 worker ants (D:4)
  A hound skeleton (D:5)
  8 adders
  7 gnolls
  2 shadow imps
  An ooze (D:5)
  An adder skeleton (D:5)
  A dart slug (D:1)
  6 giant geckos
  16 orcs
  6 giant cockroaches
  9 goblins
  7 hobgoblins
  4 jackals (D:2)
  4 quokkas
  6 bats
  2 giant newts
  A jackal zombie (D:5)
  3 kobolds
  A quokka skeleton (D:3)
  7 rats
119 creatures vanquished.

Notes
Turn   | Place    | Note
--------------------------------------------------------------
     0 | D:1      | namelastname112 the Draconian Monk began the quest for the Orb.
     0 | D:1      | Reached XP level 1. HP: 19/19 MP: 1/1
   206 | D:1      | Reached XP level 2. HP: 26/26 MP: 2/2
   814 | D:2      | Reached skill level 5 in Unarmed Combat
   829 | D:2      | Reached XP level 3. HP: 29/31 MP: 3/3
   909 | D:2      | Noticed Sigmund
   920 | D:2      | Killed Sigmund
   920 | D:2      | Reached skill level 6 in Unarmed Combat
   920 | D:2      | Reached XP level 4. HP: 38/38 MP: 4/4
   920 | D:2      | Reached XP level 5. HP: 44/45 MP: 5/5
  1819 | D:3      | Reached skill level 7 in Unarmed Combat
  2321 | D:4      | Reached XP level 6. HP: 24/51 MP: 6/6
  2813 | D:4      | Reached skill level 8 in Unarmed Combat
  2950 | D:4      | Noticed namelastname112's ghost (amateur DrAr)
  2992 | D:4      | Killed namelastname112's ghost
  2992 | D:4      | Your scales start taking on a glossy black colour.
  2992 | D:4      | Reached XP level 7. HP: 21/57 MP: 7/7
  2992 | D:4      | Gained mutation: You are resistant to electric shocks. [Black Draconian growth]
  3382 | D:4      | Reached skill level 9 in Unarmed Combat
  3499 | D:4      | Found an iron altar of Okawaru.
  3911 | D:5      | Entered Level 5 of the Dungeon
  4148 | D:5      | Found a shattered altar of Ashenzari.
  4148 | D:5      | Found an ancient bone altar of Kikubaaqudgha.
  4148 | D:5      | Found a glowing silver altar of Zin.
  4148 | D:5      | Found a shadowy altar of Dithmenos.
  4155 | D:5      | Found an oddly glowing altar of Pakellas.
  4155 | D:5      | Found a burning altar of Makhleb.
  4165 | D:5      | Became a worshipper of Makhleb the Destroyer
  4165 | D:5      | Reached * piety under Makhleb
  4165 | D:5      | Reached ** piety under Makhleb
  4258 | D:5      | Reached skill level 10 in Unarmed Combat
  4550 | D:5      | Reached XP level 8. HP: 42/63 MP: 8/8
  4743 | D:5      | Found a sacrificial altar of Ru.
  4954 | D:6      | Found Zann's Magic Scroll Boutique.
  4985 | D:6      | Reached skill level 11 in Unarmed Combat
  5400 | D:6      | Noticed Blork the orc
  5410 | D:6      | Noticed Prince Ribbit
  5430 | D:6      | Killed from afar by Blork the orc

Vault maps used:
D:1:      saegor_arrival_simple_d
D:2:      uniq_sigmund
D:4:      wad_crossroads, first_bread, okawaru_altar_gauntlet_db
D:5:      lemuel_doored_altar, minmay_overflow_temple_hex
D:6:      serial_shops, nicolae_shop_stone, uniq_blork_the_orc,
          uniq_prince_ribbit1

Skill      XL: |  1  2  3  4  5  6  7  8 |
---------------+-------------------------+-----
Unarmed Combat | 5 6 7 8 10 11 | 11.3
Fighting       | |  3.2
Dodging        | |  2.6
Stealth        | |  1.7

Action                   |  1- 3 |  4- 6 |  7- 9 || total
-------------------------+-------+-------+-------++-------
Melee: Unarmed           |    90 |   124 |   180 ||   394
 Abil: Breathe Lightning |       |       |     4 ||     4
  Use: Potion            |     1 |       |     4 ||     5
       Scroll            |       |       |     1 ||     1
 Stab: Sleeping          |     7 |     3 |     6 ||    16
       Distracted        |       |     1 |       ||     1
  Eat: Chunk             |       |     6 |     9 ||    15
